 Dungeon Crawl Stone Soup version 0.31-a0-626-g8143ab4f1d (webtiles) character file.

Game seed: 12071818206176144578

26713 Juicyj the Fighter (level 13, -1/116 HPs)
             Began as a Demonspawn Gladiator on Aug 23, 2023.
             Was a High Priest of Jiyva.
             Hit by a silver javelin thrown by Urug (12 damage)
             ... on level 13 of the Dungeon on Aug 24, 2023.
             The game lasted 00:36:01 (11446 turns).

Juicyj the Fighter (Demonspawn Gladiator)          Turns: 11446, Time: 00:36:02

Health: -1/116     AC: 23    Str: 16    XL:     13   Next: 0%
Magic:  13/13      EV: 12    Int: 16    God:    Jiyva [*****.]
Gold:   389        SH:  0    Dex: 18    Spells: 12/12 levels left

rFire   . . .        a - +2 trident (freeze)
rCold   . . .        (no shield)
rNeg    . . .        n - +0 plate armour
rPois   +            c - +0 helmet
rElec   .            (no cloak)
rCorr   +            (gloves unavailable)
SInv    .            (no boots)
Will    .....        (no amulet) Stlth
                     j - +4 ring of protection
HPRegen 1.83/turn    w - +5 ring of evasion
MPRegen 0.58/turn

%: no passive effects
@: hasted and slowed
A: slimy green scales 3, powered by pain 2, condensation shield, demonic touch
3, agile 1, clever 2, robust 1, eyeballs 2, jelly sensing items
a: Renounce Religion, Oozemancy, Slimify


You were on level 13 of the Dungeon.
You worshipped Jiyva.
Jiyva was extremely pleased with you.
You visited 2 branches of the dungeon, and saw 14 of its levels.
You also visited: Sewer and Gauntlet.

You collected 880 gold pieces.
You spent 491 gold pieces at shops.

Inventory:

Hand Weapons
 a - a +2 trident of freezing (weapon)
Missiles
 e - 7 javelins (quivered)
Armour
 b - a +0 leather armour
 c - a +0 helmet (worn)
 n - a +0 plate armour (worn)
 q - a +4 ring mail of cold resistance
 z - the +0 pair of gloves of Greater Demons {rPois Will++}
   (You bought it in a shop on level 6 of the Dungeon)

   rPois:     It protects you from poison Will++: It greatly increases your
   willpower.
Jewellery
 h - an amulet of magic regeneration
 j - a +4 ring of protection (left hand)
 l - a ring of protection from cold
 p - a ring of poison resistance
 r - a ring of willpower
 s - a ring of protection from cold
 w - a +5 ring of evasion (right hand)
 y - a ring of positive energy
 G - a ring of positive energy
 J - a ring of wizardry
 M - the ring "Ahihas" {rPois rN+ Will+ Dex-3}
   (You found it in a Gauntlet)

   [ring of positive energy]

   Dex-3:     It affects your dexterity (-3).
   rPois:     It protects you from poison rN+: It protects you from negative
   energy.
   Will+:     It increases your willpower.
Talismans
 A - a serpent talisman
Wands
 d - a wand of mindburst (7)
 k - a wand of polymorph (25)
 x - a wand of quicksilver (36)
 I - a wand of roots (13)
 L - a wand of flame (12)
 U - a wand of charming (2)
Scrolls
 g - a scroll of amnesia
 t - 2 scrolls of immolation
 v - a scroll of fear
 C - a scroll of fog
 D - 7 scrolls of teleportation
 E - 9 scrolls of identify
 F - a scroll of vulnerability
Potions
 f - a potion of heal wounds
 i - 6 potions of mutation
 m - a potion of berserk rage
 o - 2 potions of curing
 u - 2 potions of haste
 B - 4 potions of might
 H - a potion of brilliance
 K - a potion of cancellation
 S - a potion of magic
Miscellaneous
 P - a box of beasts
 Q - a condenser vane
 R - a phantom mirror


   Skills:
 + Level 11.1 Fighting
 + Level 10.4 Polearms
 + Level 10.2 Throwing
 + Level 9.5 Armour
 - Level 4.1 Dodging
 + Level 3.3 Evocations
 + Level 2.7 Shapeshifting


You had 12 spell levels left.
You didn't know any spells.
Your spell library contained the following spells:

 Spells                   Type           Power      Damage    Failure   Level
 Necrotise                Necr           0%         1d4       100%        1
 Slow                     Hex            0%         N/A       100%        1
 Confusing Touch          Hex            0%         N/A       100%        3
 Frozen Ramparts          Ice            0%         1d1       100%        3
 Ozocubu's Armour         Ice            0%         N/A       100%        3
 Portal Projectile        Hex/Tloc       0%         N/A       100%        3
 Tukima's Dance           Hex            0%         N/A       100%        3
 Vampiric Draining        Necr           0%         2d6       100%        3
 Iskenderun's Mystic Bla  Conj/Tloc      0%         2d3       100%        4
 Manifold Assault         Tloc           0%         N/A       100%        4
 Petrify                  Tmut/Erth      0%         N/A       100%        4
 Agony                    Necr           0%         N/A       100%        5
 Metabolic Englaciation   Hex/Ice        0%         N/A       100%        5
 Dispersal                Tloc           0%         N/A       100%        6
 Ozocubu's Refrigeration  Ice            0%         4d7       100%        7
 Disjunction              Tloc           0%         N/A       100%        8


Dungeon Overview and Level Annotations

Branches:
Dungeon (13/15)            Temple (1/1) D:7            Lair (0/5) D:11
    Orc (0/2) D:10          Sewer (visited)         Gauntlet (visited)
 Vaults: D:13-14

Altars:
Ashenzari
Cheibriados
Dithmenos
Fedhas
Gozag
Hepliaklqana
Kikubaaqudgha
Makhleb
Nemelex Xobeh
Okawaru
Qazlal
Ru
Sif Muna
Trog
Uskayaw
Vehumet
Wu Jian
Xom
Yredelemnul

Shops:
D:6 *?*[*   D:7 **

Annotations:
D:13 Urug


Innate Abilities, Weirdness & Mutations

You are completely covered in slimy green scales. (AC +4, rPois)
You sometimes gain power by taking damage.
A meltable shield of frost defends you. (SH +0)
Your touch may irresistibly damage your foes and sap their willpower.
You are agile. (Dex +4, Str/Int -1)
Your mind is very acute. (Int +8, Str/Dex -2)
You are robust. (+10% HP)
Your body has grown many eyes which may confuse attackers. (Acc +5)
You have a small jelly attached to you that senses nearby items.


Message History

You hear a series of splatters.
You hear a distant slurping noise.
Urug is nearby!
Urug shouts!
Urug throws a silver javelin.
The silver javelin pierces through you! The silver sears you!
Urug throws a silver javelin.
The silver javelin pierces through you but does no damage.
The silver sears you!
Urug throws a silver javelin.
The silver javelin pierces through you. The silver sears you!
You reach to attack!
You hit Urug but do no damage. You hit Urug but do no damage.
Urug hits you with a +1 broad axe of flaming.
Your condensation shield dissipates!
Urug burns you.
You hit Urug but do no damage.
Urug hits you with a +1 broad axe of flaming!
Urug burns you.
You closely miss Urug. Urug hits you but does no damage.
You hit Urug but do no damage.
Urug hits you with a +1 broad axe of flaming!
Urug burns you.
You hit Urug but do no damage.
Urug hits you with a +1 broad axe of flaming!
Urug burns you.
Urug hits you with a +1 broad axe of flaming!!
Urug burns you.
* * * LOW HITPOINT WARNING * * *
You are too injured to fight recklessly!
You feel yourself speed up.
Urug hits you with a +1 broad axe of flaming!
* * * LOW HITPOINT WARNING * * *
Urug burns you.
* * * LOW HITPOINT WARNING * * *
Urug throws a silver javelin.
The silver javelin pierces through you!
* * * LOW HITPOINT WARNING * * *
The silver sears you!
You die...
Urug screams, "Revenge at last!"

.........#..###.##.#...
#.#.###.##..###.##.#...
#.#.###.##.............
.†.....................
#†#.#.#.##.###.p.......
#.#...........<....#.. #
#.....#.##.####.##.# .#
#.#####.##. #....# ..# #.#
##. ##.@###...#..
#.#####.##. #....o.......
#...............#####.##..
.........#.######
#######.. # ### #.... ..##
...#


You could see Urug and a neutral human (wandering).

Vanquished Creatures
  Kirke (D:13)
  A minotaur (Gauntlet)
  2 two-headed ogres
  2 boulder beetles
  2 sixfirhies (Gauntlet)
  2 skeletal warriors (D:12)
  Pikel (D:9)
  An orc knight (D:12)
  A deep elf pyromancer (D:12)
  A manticore (D:11)
  2 cyclopes
  An ugly thing (D:8)
  3 ice statues (D:11)
  Psyche (D:8)
  2 unseen horrors (D:12)
  Maggie (D:7)
  A komodo dragon (D:11)
  3 trolls
  3 meliai (Gauntlet)
  A hornet (D:8)
  A raiju (Gauntlet)
  2 vampires
  3 shadows
  26 yaks
  2 wyverns
  3 hogs (D:13)
  4 steam dragons
  6 wraiths
  A basilisk (D:8)
  7 vampire mosquitoes (D:12)
  3 water moccasins
  10 orc warriors
  2 black bears
  7 ice beasts (D:11)
  A sky beast (D:7)
  3 ogres
  3 centaurs
  2 lemures (D:9)
  2 kobold brigands
  5 bullfrogs
  A scorpion (D:6)
  A gnoll sergeant (D:9)
  5 wights (D:8)
  2 killer bees
  6 howler monkeys (D:10)
  5 jellies
  2 hounds
  9 orc priests
  An iguana (D:3)
  A gnoll bouda (D:5)
  An iron imp (D:8)
  11 orc wizards
  Ijyb (D:4)
  2 sleepcaps (D:6)
  Robin (D:4)
  12 gnolls
  4 adders
  A river rat (Sewer)
  3 shadow imps
  2 white imps
  2 ufetubi
  3 worms
  42 orcs
  6 endoplasms
  6 giant cockroaches
  16 goblins
  7 hobgoblins
  15 kobolds
  7 quokkas
  2 training dummies (D:5)
  8 ball pythons
  4 bats
  2 frilled lizards
  8 rats
324 creatures vanquished.

Vanquished Creatures (collateral kills)
  Josephine (D:13)
  A cyclops (D:13)
  A wraith (D:13)
3 creatures vanquished.

Vanquished Creatures (others)
  A two-headed ogre (D:12)
  An unseen horror (D:9)
  A troll (D:12)
  2 slime creatures
  A human (D:13)
  A water moccasin (D:6)
  2 ice beasts (D:11)
  A sky beast (D:6)
  A bullfrog (D:8)
  A wight (D:8)
  3 killer bees (D:8)
  47 jellies
  A shadow imp (D:8)
  4 orcs
67 creatures vanquished.

Grand Total: 394 creatures vanquished

Notes
Turn   | Place    | Note
-------+----------+-------------------------------------------
     0 | D:1      | Juicyj the Demonspawn Gladiator began the quest for the
                  | Orb.
     0 | D:1      | Reached XP level 1. HP: 16/16 MP: 1/1
   215 | D:1      | Found a faded altar of an unknown god.
   228 | D:1      | Gained mutation: Your touch may inflict minor irresistible
                  | damage on your foes. [demonic ancestry]
   228 | D:1      | Reached XP level 2. HP: 21/22 MP: 2/2
   918 | D:2      | Gained mutation: Your touch may inflict irresistible damage
                  | on your foes. [demonic ancestry]
   918 | D:2      | Reached XP level 3. HP: 28/28 MP: 3/3
  1439 | D:3      | Gained mutation: You sometimes gain a little power by
                  | taking damage. [demonic ancestry]
  1439 | D:3      | Reached XP level 4. HP: 34/34 MP: 4/4
  1882 | D:4      | Gained mutation: Your spells are a little easier to cast,
                  | but a little less powerful. [potion of mutation]
  1882 | D:4      | Gained mutation: Your flesh is cold resistant. (rC+)
                  | [potion of mutation]
  2000 | D:4      | Noticed Ijyb
  2023 | D:4      | Killed Ijyb
  2024 | D:4      | Reached skill level 3 in Fighting
  2028 | D:4      | Found a shadowy altar of Dithmenos.
  2028 | D:4      | Noticed Robin
  2031 | D:4      | Gained mutation: You are partially covered in slimy green
                  | scales. (AC +2) [demonic ancestry]
  2031 | D:4      | Reached XP level 5. HP: 41/41 MP: 5/5
  2032 | D:4      | Killed Robin
  2107 | D:4      | Noticed an ogre
  2112 | D:4      | Killed an ogre
  2399 | D:4      | Noticed a black bear
  2408 | D:4      | Gained mutation: You sometimes gain power by taking damage.
                  | [demonic ancestry]
  2408 | D:4      | Reached XP level 6. HP: 45/47 MP: 6/6
  2470 | D:4      | Found a sacrificial altar of Ru.
  2472 | D:4      | Found an ornate altar of the Wu Jian Council.
  2529 | D:4      | Found a stormy altar of Qazlal.
  2574 | D:4      | Found a sparkling altar of Nemelex Xobeh.
  2578 | D:4      | Found a shimmering altar of Xom.
  2579 | D:4      | Found a radiant altar of Vehumet.
  2782 | D:5      | Entered Level 5 of the Dungeon
  2913 | D:5      | Reached skill level 4 in Fighting
  2941 | D:5      | Gained mutation: A meltable shield of frost defends you.
                  | (SH +0) [demonic ancestry]
  2941 | D:5      | Reached XP level 7. HP: 42/54 MP: 7/7
  2943 | D:5      | Reached skill level 1 in Armour
  3698 | D:6      | Found Madoeb's Antique Armour Shop.
  3703 | D:6      | Bought a pair of polished gloves for 266 gold pieces
  3703 | D:6      | Identified the +0 pair of gloves of Greater Demons {rPois
                  | Will++} (You bought it in a shop on level 6 of the Dungeon)
  3790 | D:6      | Found a glowing drain.
  3804 | Sewer    | Entered a sewer
  3974 | Sewer    | Found a viscous altar of Jiyva.
  4026 | Sewer    | Reached skill level 5 in Polearms
  4103 | Sewer    | Became a worshipper of Jiyva Joaly the Shapeless
  4130 | D:6      | Reached skill level 5 in Fighting
  4130 | D:6      | Reached XP level 8. HP: 56/62 MP: 8/8
  4150 | D:6      | Found Gooveff's General Store.
  4162 | D:6      | Bought a scroll of identify for 20 gold pieces
  4162 | D:6      | Bought a scroll of identify for 20 gold pieces
  4291 | D:6      | Found Jyept's Assorted Antiques.
  4298 | D:6      | Bought a scroll labelled KAUNOU LAROHI for 21 gold pieces
  4453 | D:6      | Reached * piety under Jiyva
  4626 | D:6      | Found Coalonk's Magic Scroll Emporium.
  4632 | D:6      | Bought a scroll of identify for 24 gold pieces
  4632 | D:6      | Bought a scroll of identify for 24 gold pieces
  4632 | D:6      | Bought a scroll of identify for 24 gold pieces
  4643 | D:6      | Found Qekhlaecs's Assorted Antiques.
  4648 | D:6      | Bought a scroll labelled VADWO EDGHIUGH for 26 gold pieces
  4757 | D:6      | Reached skill level 5 in Throwing
  4781 | D:6      | Noticed a troll
  4791 | D:6      | Killed a troll
  5041 | D:7      | Reached skill level 6 in Fighting
  5193 | D:7      | Gained mutation: You are mostly covered in slimy green
                  | scales. (AC +3) [demonic ancestry]
  5193 | D:7      | Reached XP level 9. HP: 68/69 MP: 9/9
  5219 | D:7      | Found a staircase to the Ecumenical Temple.
  5332 | D:7      | Noticed Maggie
  5348 | D:7      | Killed Maggie
  5365 | D:7      | Reached ** piety under Jiyva
  5699 | D:7      | Found Naemoemn's Specific Store.
  5704 | D:7      | Found Ilolal's General Store.
  5707 | D:7      | Bought 2 throwing nets for 66 gold pieces
  5808 | Temple   | Entered the Ecumenical Temple
  5930 | D:8      | Noticed Psyche
  5942 | D:8      | Killed Psyche
  5943 | D:8      | Reached skill level 5 in Armour
  5963 | D:8      | Reached skill level 7 in Fighting
  6089 | D:8      | Found a snail-covered altar of Cheibriados.
  6183 | D:8      | Noticed a white ugly thing
  6205 | D:8      | Killed a white ugly thing
  6275 | D:8      | Reached XP level 10. HP: 74/79 MP: 10/10
  6554 | D:8      | Noticed a two-headed ogre
  6563 | D:8      | Killed a two-headed ogre
  6632 | D:8      | Reached *** piety under Jiyva
  6669 | D:8      | Reached skill level 8 in Fighting
  6863 | D:9      | Lost mutation: Your flesh is cold resistant. (rC+) [Jiyva's
                  | grace]
  6863 | D:9      | Lost mutation: Your spells are a little easier to cast, but
                  | a little less powerful. [Jiyva's grace]
  6863 | D:9      | Gained mutation: You are agile. (Dex +4, Str/Int -1)
                  | [Jiyva's grace]
  6863 | D:9      | Gained mutation: You are very agile. (Dex +8, Str/Int -2)
                  | [Jiyva's grace]
  6863 | D:9      | Gained mutation: Your body has grown eyes which may confuse
                  | attackers. (Acc +3) [Jiyva's grace]
  6863 | D:9      | Gained mutation: Your body has grown many eyes which may
                  | confuse attackers. (Acc +5) [Jiyva's grace]
  7034 | D:9      | Upgraded the game from 0.31-a0-620-gd1cbd99268 to
                  | 0.31-a0-626-g8143ab4f1d
  7036 | D:9      | Noticed Pikel
  7089 | D:9      | Killed Pikel
  7711 | D:10     | Entered Level 10 of the Dungeon
  7730 | D:10     | Gained mutation: You are completely covered in slimy green
                  | scales. (AC +4, rPois) [demonic ancestry]
  7730 | D:10     | Reached XP level 11. HP: 87/87 MP: 11/11
  7843 | D:10     | Found a staircase to the Orcish Mines.
  7883 | D:10     | Reached **** piety under Jiyva
  7943 | D:10     | Noticed a two-headed ogre
  7948 | D:10     | Slimified a two-headed ogre
  7948 | D:10     | a two-headed ogre changed into a slime creature
  7990 | D:10     | Reached skill level 9 in Fighting
  8513 | D:11     | Found a gate leading to a gauntlet.
  8520 | Gauntlet | Entered a Gauntlet
  8520 | Gauntlet | Found a transporter.
  8520 | Gauntlet | Found a transporter.
  8524 | Gauntlet | Found a transporter.
  8524 | Gauntlet | Found a transporter.
  8537 | Gauntlet | Found a large runed translucent door.
  8538 | Gauntlet | Found a large runed translucent door.
  8539 | Gauntlet | Found a large runed translucent door.
  8539 | Gauntlet | Found a large runed translucent door.
  8539 | Gauntlet | Found a transporter.
  8539 | Gauntlet | Found a large runed translucent door.
  8540 | Gauntlet | Found a runed translucent door.
  8542 | Gauntlet | Noticed a green death
  8559 | Gauntlet | Found a transporter.
  8579 | Gauntlet | Found a transporter.
  8585 | Gauntlet | Noticed a sixfirhy
  8587 | Gauntlet | Noticed a sixfirhy
  8588 | Gauntlet | Found a transporter.
  8593 | Gauntlet | Found a transporter.
  8593 | Gauntlet | Found a transporter.
  8707 | Gauntlet | Found a transporter.
  8717 | Gauntlet | Reached ***** piety under Jiyva
  8732 | Gauntlet | Found a transporter.
  8743 | Gauntlet | Found a transporter.
  8856 | Gauntlet | Found a transporter.
  8859 | Gauntlet | Found a large runed translucent door.
  8860 | Gauntlet | Found a large runed translucent door.
  8861 | Gauntlet | Found a runed translucent door.
  8861 | Gauntlet | Found a large runed translucent door.
  8861 | Gauntlet | Found a large runed translucent door.
  8866 | Gauntlet | Found a large runed translucent door.
  8868 | Gauntlet | Found a large runed translucent door.
  8868 | Gauntlet | Found a large runed translucent door.
  8869 | Gauntlet | Found a large runed translucent door.
  8869 | Gauntlet | Found a large runed translucent door.
  8869 | Gauntlet | Found a large runed translucent door.
  8869 | Gauntlet | Found a large runed translucent door.
  8874 | Gauntlet | Found a runed translucent gate.
  8874 | Gauntlet | Found a runed translucent gate.
  8874 | Gauntlet | Found a runed translucent gate.
  8876 | Gauntlet | Found a transporter.
  8886 | Gauntlet | Lost mutation: You are very agile. (Dex +8, Str/Int -2)
                  | [Jiyva's grace]
  8886 | Gauntlet | Gained mutation: You have a small jelly attached to you
                  | that senses nearby items. [Jiyva's grace]
  8886 | Gauntlet | Gained mutation: Your mind is acute. (Int +4, Str/Dex -1)
                  | [Jiyva's grace]
  8886 | Gauntlet | Gained mutation: Your mind is very acute. (Int +8, Str/Dex
                  | -2) [Jiyva's grace]
  8886 | Gauntlet | Gained mutation: You are robust. (+10% HP) [Jiyva's grace]
  8892 | Gauntlet | Found a transporter.
  9098 | Gauntlet | Identified the ring "Ahihas" {rPois rN+ Will+ Dex-3}
  9148 | Gauntlet | Killed a sixfirhy
  9151 | Gauntlet | Killed a sixfirhy
  9179 | Gauntlet | Noticed a minotaur
  9215 | Gauntlet | Killed a minotaur
  9216 | Gauntlet | Reached skill level 10 in Fighting
  9274 | Gauntlet | Identified the +0 ring mail of Qoastu Qaxki {Fly MP-9 Str-3
                  | Dex+5}
  9274 | Gauntlet | Identified the +1 scale mail "Fonigy" {*Slow rElec Will+}
  9364 | D:11     | Found a staircase to the Lair.
  9602 | D:11     | Gained mutation: Your touch may irresistibly damage your
                  | foes and sap their willpower. [demonic ancestry]
  9602 | D:11     | Reached XP level 12. HP: 106/106 MP: 12/12
  9611 | D:11     | Noticed a two-headed ogre
  9624 | D:11     | Killed a two-headed ogre
 10205 | D:12     | HP: 4/107 [skeletal warrior/+0 mace (9)]
 10217 | D:12     | Killed a two-headed ogre
 10493 | D:12     | Reached skill level 10 in Polearms
 10493 | D:12     | Reached skill level 1 in Evocations
 10500 | D:12     | Reached skill level 1 in Shapeshifting
 10885 | D:12     | Noticed a boulder beetle
 10899 | D:12     | Killed a boulder beetle
 10900 | D:12     | Reached skill level 10 in Throwing
 11271 | D:13     | Noticed a boulder beetle
 11293 | D:13     | Killed a boulder beetle
 11336 | D:13     | Reached skill level 11 in Fighting
 11351 | D:13     | Noticed Josephine
 11354 | D:13     | Killed Josephine
 11379 | D:13     | Noticed Kirke
 11395 | D:13     | Killed Kirke
 11396 | D:13     | Reached XP level 13. HP: 100/116 MP: 13/13
 11411 | D:13     | Noticed Urug
 11446 | D:13     | Hit by a silver javelin thrown by Urug

Illustrated notes

Levels and vault maps discovered:
D:1:      dpeg_arrival_boxes_within_box, layout_loops_ring,
          basic_ecumenical_altar, minmay_small_reverse_x
D:2:      layout_basic, serial_corexii_hall, corexii_hall_statues_t,
          corexii_hall_statues_s
D:3:      layout_rooms
D:4:      layout_loops_cross, mainiacjoe_overflow_24_doors,
          nicolae_overflow_hallway_of_the_gods, serial_bayou,
          serial_bayou_lagoon_b, serial_bayou_pond_e, serial_bayou_lagoon_a,
          serial_bayou_crossing, uniq_ijyb, uniq_robin
D:5:      dreamdust_elfheim, layout_rooms
D:6:      layout_cave_pods, gup_sewer_entry_pipe, serial_shops, shop, shop,
          shop, nicolae_shop_tiny_glass, nicolae_shop_trees, corner_web_ring,
          chequers_serial_rivers_marsh, minmay_manual_monstrance
D:7:      layout_loops_corners, temple_fountains, nicolae_specific_store,
          uniq_maggie
D:8:      minmay_chambers_of_sevens, layout_basic, chei_slow_surprise,
          uniq_psyche
D:9:      layout_basic, uniq_pikel
D:10:     layout_irregular_city, david_orc_4, corexii_checkpoint_b
D:11:     minmay_ice_pillars, layout_rooms, david_lair_shrubbed,
          gauntlet_entry_generic
D:12:     layout_irregular_city
D:13:     layout_basic, special_room [special_room_orc],
          chequers_serial_rivers_room_b, nicolae_elyvilon_peaceful_grove,
          uniq_josephine, uniq_urug, uniq_kirke
Temple:   hellmonk_temple_two_chambers

Skill      XL: |  1  2  3  4  5  6  7  8  9 10 11 12 |
---------------+-------------------------------------+-----
Throwing       | 2 3 4 5 6 8 9 10 | 10.2
Dodging        | 3 4 |  4.1
Polearms       | 3 4 5 6 7 8 9 10 | 10.4
Fighting       | 3 4 5 6 7 8 10 11 | 11.1
Armour         | 2 4 5 7 8 9 |  9.5
Evocations     | 3 |  3.3
Shapeshifting  | 2 |  2.7

Action                     |  1- 3 |  4- 6 |  7- 9 | 10-12 | 13-15 || total
---------------------------+-------+-------+-------+-------+-------++-------
  Melee: Trident           |   109 |   153 |   380 |   828 |     6 ||  1476
         Touch             |    12 |    22 |    64 |   179 |       ||   277
         Punch             |     1 |       |     3 |    11 |       ||    15
         Unarmed           |       |       |       |     2 |       ||     2
  Throw: Throwing net      |       |     4 |     5 |     2 |       ||    11
         Javelin           |       |       |       |     8 |       ||     8
 Invoke: Slimify           |       |       |       |     1 |       ||     1
  Evoke: Wand              |       |       |       |     4 |       ||     4
    Use: Scroll            |       |     9 |     5 |     9 |       ||    23
         Potion            |       |     5 |     5 |     8 |     1 ||    19
   Stab: Sleeping          |     3 |       |       |       |       ||     3
         Held in net/web   |       |     1 |     2 |     2 |       ||     5
         Confused          |       |       |       |    26 |       ||    26
         Fleeing           |       |       |       |     1 |       ||     1
 Armour: Leather armour    |    31 |       |       |       |       ||    31
         Ring mail         |     2 |    38 |       |       |       ||    40
         Skin              |       |    17 |       |       |       ||    17
         Plate armour      |       |    45 |   243 |   467 |     2 ||   757
  Dodge: Dodged            |    62 |    56 |    92 |   374 |       ||   584
  Block: Other             |       |       |    39 |   121 |       ||   160

Table legend: (Time is in decaauts)
 A = Elapsed time spent in this place.
 B = Non-inter-level travel time spent in this place.
 C = Inter-level travel time spent in this place.
 D = Time resting spent in this place.
 E = Time spent auto-exploring this place.
 F = Levels seen in this place.
 G = Mean time per level.
                   A        B        C        D        E       F      G
               +--------+--------+--------+--------+--------+-----+--------+
         Total |  11490 |  11027 |    463 |    341 |   7350 |  16 |  718.1 |
       Dungeon |  10384 |   9922 |    462 |    315 |   7066 |  13 |  798.8 |
        Temple |      1 |      0 |      1 |      0 |      0 |   1 |    1.0 |
         Sewer |    350 |    350 |      0 |      0 |    203 |   1 |  350.0 |
      Gauntlet |    754 |    754 |      0 |     26 |     81 |   1 |  754.0 |
               +--------+--------+--------+--------+--------+-----+--------+

Top non-repeatable levels by time:
    D:12: 1025 daAuts
     D:4: 1018 daAuts
     D:8: 1013 daAuts
     D:6: 1005 daAuts
    D:11: 965 daAuts
     D:7: 876 daAuts
     D:5: 845 daAuts
     D:9: 838 daAuts
     D:1: 828 daAuts
Gauntlet: 754 daAuts
    D:10: 728 daAuts
     D:2: 569 daAuts
     D:3: 473 daAuts
   Sewer: 350 daAuts
    D:13: 195 daAuts
